 Dungeon Crawl Stone Soup version 0.26-a0-652-gafc20e3620 (webtiles) character file.

Game seed: 6924804103888469695

16497 grandjackal the Champion of Chaos (level 12, 0/97 HPs)
             Began as a Demonspawn Gladiator on Oct 2, 2020.
             Was the Champion of Makhleb.
             Slain by an orc warrior
             ... wielding a +3 hand axe
              (13 damage)
             ... on level 2 of the Orcish Mines.
             The game lasted 00:16:58 (12510 turns).

grandjackal the Champion of Chaos (DsGl)           Turns: 12510, Time: 00:16:58

Health: 0/97       AC: 11    Str: 19    XL:     12   Next: 10%
Magic:  21/21      EV: 14    Int: 10    God:    Makhleb [******]
Gold:   353        SH:  0    Dex: 21    Spells: 11/11 levels left

rFire    + . .     SeeInvis +   C - +4 great sword (freeze)
rCold    . . .     Faith    .   (shield currently unavailable)
rNeg     + . .     Spirit   .   z - +2 scale mail {rF+}
rPois    .         Reflect  .   (helmet unavailable)
rElec    .         Harm     .   (no cloak)
rCorr    .         Rampage  .   w - +0 pair of gloves
MR       .....                  (no boots)
Stlth    ..........             v - amulet of the acrobat
HPRegen  0.26/turn              D - ring of positive energy
MPRegen  0.17/turn              h - +6 ring of dexterity

@: no status effects
A: antennae 3, repulsion field 1, spiny 2, rot immunity
a: Minor Destruction, Lesser Servant of Makhleb, Major Destruction, Greater
Servant of Makhleb, Renounce Religion


You were on level 2 of the Orcish Mines.
You worshipped Makhleb.
Makhleb was exalted by your worship.
You visited 2 branches of the dungeon, and saw 14 of its levels.
You also visited: Ossuary.

You collected 893 gold pieces.
You spent 540 gold pieces at shops.

Inventory:

Hand Weapons
 b - a +0 dagger of venom
 s - the +10 dagger of Cheese {flame, *Drain rElec rF+ Dex+3, unknown}
   (You found it on level 5 of the Dungeon)

   It has been specially enchanted to burn those struck by it, causing extra
   injury to most foes and up to half again as much damage against particularly
   susceptible opponents.
   It affects your dexterity (+3).
   It protects you from fire.
   It insulates you from electricity.
   It causes draining when unequipped.
 t - a +2 dagger of freezing
 C - a +4 great sword of freezing (weapon)
Missiles
 d - 2 throwing nets (quivered)
 i - 8 curare-tipped darts
Armour
 w - a +0 pair of gloves (worn)
 z - a +2 scale mail of fire resistance (worn)
Jewellery
 h - a +6 ring of dexterity (right hand)
 v - an amulet of the acrobat (around neck)
 D - a ring of positive energy (left hand)
 K - an uncursed ring of see invisible {unknown}
 L - an uncursed ring of protection from cold {unknown}
Wands
 a - a wand of flame (19)
 y - a wand of acid (7)
 E - a wand of paralysis (7)
 J - a wand of random effects (3)
Scrolls
 f - 7 scrolls of teleportation
 j - 6 scrolls of remove curse
 k - 2 scrolls of magic mapping
 l - 6 scrolls of amnesia {unknown}
 m - 6 scrolls of immolation {unknown}
 n - 4 scrolls of fog
 x - 2 scrolls of blinking {unknown}
 A - 2 scrolls of enchant weapon
 B - 2 scrolls of fear
 M - a scroll of summoning
 N - a scroll of brand weapon
 P - a scroll of silence
Potions
 c - a potion of might
 e - 5 potions of flight
 g - 7 potions of curing
 o - 5 potions of heal wounds
 p - 3 potions of stabbing
 q - 4 potions of lignification
 r - 2 potions of berserk rage
 u - 2 potions of magic
 F - a potion of haste
 H - 3 potions of brilliance
 I - a potion of mutation


   Skills:
 + Level 10.3 Fighting
 + Level 9.7 Long Blades
 - Level 1.7 Throwing
 + Level 9.1 Armour
 - Level 3.0 Dodging
 + Level 12.4 Invocations


You had 11 spell levels left.
You didn't know any spells.
Your spell library contained the following spells:

 Spells                   Type           Power        Failure   Level
 Apportation              Tloc           #.....       67%         1
 Lesser Beckoning         Tloc           #.........   96%         3
 Tukima's Dance           Hex            #.......     96%         3
 Alistair's Intoxication  Tmut/Pois      #........    100%        5
 Invisibility             Hex            #.......     100%        6


Dungeon Overview and Level Annotations

Branches:
Dungeon (12/15)            Temple (0/1) D:7            Lair (0/6) D:9
    Orc (2/2) D:12            Elf (0/3) Orc:2       Ossuary (visited)

Altars:
Ashenzari
Cheibriados
Dithmenos
Elyvilon
Gozag
Kikubaaqudgha
Makhleb
Sif Muna
Trog
Vehumet
Wu Jian
Yredelemnul
The Shining One

Shops:
D:6 *   D:10 ?

Annotations:
D:9 exclusion: ice statue


Innate Abilities, Weirdness & Mutations

You have a pair of large antennae on your head. (SInv)
You are surrounded by a mild repulsion field. (EV +2)
You are mostly covered in sharp spines.
You are immune to rotting.


Message History

Unknown command.
You hit the orc warrior. You freeze the orc warrior.
The orc warrior is heavily wounded.
The orc warrior hits you with a +0 long sword!
* * * LOW HITPOINT WARNING * * *
Unknown command.
Unknown command.
Unknown command.
The orc warrior is struck by your spines.
The orc warrior completely misses you. The orc warrior barely misses you.
You riposte.
You closely miss the orc warrior.
The orc warrior is heavily wounded.
The orc warrior hits you with a +3 hand axe!!
* * * LOW HITPOINT WARNING * * *
Unknown command.
You barely miss the orc warrior.
The orc warrior is heavily wounded.
The orc warrior is struck by your spines.
The orc warrior hits you with a +3 hand axe!
You die...

,,*,,*#...##........#....#****
*,+,,*#....#{.........#..#,,,*
*,*,,**#...##.o.........#..,,*
*,**** #....##oo...........,,*
*,*,,* *#...###.o.o........,,*
*,+,,* *#...##ooo.........,,*
***,,* ##......o..........,**
****** ##......#o#........#**
,* ##.......#@##........* ,*
#...)[)(.....#.......**** ,***
#...)<[......##.##.##,,,* ,,,*
#...[†)...#.....#*#.,,,**
,,,** ##........#.....#*,,,,**
,,,,* ##............##**,,,*
,,,,* ##....$....#..,,*,,**
*,,,** ####......##..**,**
*,,,,* *,...####*******


You could see 5 orc warriors and 5 orcs.

Vanquished Creatures
  2 two-headed ogres
  3 death yaks
  Sonja (D:10)
  4 trolls
  Grinder (D:3)
  3 hippogriffs
  A meliai zombie (D:11)
  A wyvern (D:10)
  5 yaks (D:9)
  A wraith (D:11)
  Edmund (D:4)
  A warg (Orc:1)
  An acid dragon (D:11)
  An eye of draining (D:12)
  12 orc warriors
  2 ice beasts (D:10)
  3 phantoms
  4 sky beasts
  9 ogres
  8 centaurs
  A big kobold (D:6)
  11 bullfrogs
  A gnoll sergeant (D:6)
  2 water moccasin zombies
  4 scorpions
  18 wights
  16 killer bees
  9 howler monkeys
  2 bullfrog zombies
  6 centaur zombies
  3 quasits
  3 bullfrog skeletons
  2 centaur skeletons
  10 hounds
  2 jellies
  10 orc priests
  6 iguanas
  19 orc wizards
  11 worker ants
  A killer bee zombie (D:6)
  A big kobold zombie (Ossuary)
  2 hound zombies
  3 hound skeletons
  3 mummies
  A howler monkey zombie (D:6)
  A worker ant zombie (D:11)
  Robin (D:2)
  6 gnolls
  18 adders
  A howler monkey skeleton (D:6)
  6 shadow imps
  2 white imps
  3 ufetubi
  5 oozes
  4 adder zombies
  2 worms
  2 dart slugs
  6 leopard geckos
  74 orcs
  8 bats
  3 giant cockroaches
  2 gnoll zombies (Ossuary)
  11 goblins
  10 hobgoblins
  12 jackals
  9 kobolds
  3 quokkas
  2 ball pythons
  2 frilled lizards
  A giant cockroach zombie (D:6)
  A goblin zombie (D:8)
  2 hobgoblin zombies (Ossuary)
  A jackal skeleton (D:5)
  A kobold zombie (Ossuary)
  A leopard gecko skeleton (D:6)
  3 leopard gecko zombies (D:6)
  7 orc zombies
  A quokka skeleton (D:9)
  9 rats
  A fire vortex (D:11)
432 creatures vanquished.

Vanquished Creatures (others)
  11 withered plants (D:6)
11 creatures vanquished.

Grand Total: 443 creatures vanquished

Notes
Turn   | Place    | Note
-------+----------+-------------------------------------------
     0 | D:1      | grandjackal the Demonspawn Gladiator began the quest for
                  | the Orb.
     0 | D:1      | Reached XP level 1. HP: 16/16 MP: 1/1
    62 | D:1      | Gained mutation: You are surrounded by a mild repulsion
                  | field. (EV +2) [demonic ancestry]
    62 | D:1      | Reached XP level 2. HP: 22/22 MP: 2/2
   537 | D:1      | Reached XP level 3. HP: 19/28 MP: 3/3
  1218 | D:2      | Found an opulent altar of Gozag.
  1265 | D:2      | Reached skill level 1 in Armour
  1273 | D:2      | Noticed Robin
  1279 | D:2      | Killed Robin
  1303 | D:2      | Gained mutation: You are partially covered in sharp spines.
                  | [demonic ancestry]
  1303 | D:2      | Reached XP level 4. HP: 21/34 MP: 4/4
  1846 | D:2      | Found a bloodstained altar of Trog.
  1847 | D:2      | Found a burning altar of Makhleb.
  1851 | D:2      | Became a worshipper of Makhleb the Destroyer
  1987 | D:3      | Found an ornate altar of the Wu Jian Council.
  1988 | D:3      | Found a shimmering blue altar of Sif Muna.
  2068 | D:3      | Found a shadowy altar of Dithmenos.
  2093 | D:3      | Noticed Grinder
  2101 | D:3      | Paralysed by Grinder for 3 turns
  2106 | D:3      | Killed Grinder
  2106 | D:3      | Reached skill level 2 in Invocations
  2106 | D:3      | Gained mutation: You have a pair of small antennae on your
                  | head. [demonic ancestry]
  2106 | D:3      | Reached XP level 5. HP: 18/42 MP: 4/6
  2106 | D:3      | Reached XP level 6. HP: 21/48 MP: 4/7
  2369 | D:2      | Reached skill level 3 in Invocations
  2702 | D:3      | Reached * piety under Makhleb
  2956 | D:3      | Found a basalt altar of Yredelemnul.
  3317 | D:3      | Reached XP level 7. HP: 26/55 MP: 9/9
  3571 | D:4      | Noticed Edmund
  3605 | D:3      | Reached skill level 4 in Invocations
  3828 | D:4      | Killed Edmund
  4058 | D:4      | Reached skill level 5 in Fighting
  4058 | D:4      | Reached skill level 5 in Long Blades
  4093 | D:4      | Reached skill level 5 in Invocations
  4107 | D:4      | Gained mutation: You have a pair of antennae on your head.
                  | [demonic ancestry]
  4107 | D:4      | Reached XP level 8. HP: 35/62 MP: 11/11
  4787 | D:5      | Entered Level 5 of the Dungeon
  4820 | D:5      | Reached ** piety under Makhleb
  4835 | D:5      | Got a buzzing dagger
  4859 | D:5      | Reached skill level 6 in Invocations
  5322 | D:5      | Found a white marble altar of Elyvilon.
  5578 | D:6      | Reached skill level 5 in Armour
  5656 | D:6      | Reached skill level 7 in Invocations
  5678 | D:6      | Found a glowing golden altar of the Shining One.
  5685 | D:6      | Gained mutation: You are immune to rotting. [demonic
                  | ancestry]
  5685 | D:6      | Reached XP level 9. HP: 60/69 MP: 14/14
  5805 | D:6      | Reached *** piety under Makhleb
  6146 | D:6      | Found an ancient bone altar of Kikubaaqudgha.
  6308 | D:6      | Found Maarihun's Elemental Accessories.
  6626 | D:7      | Reached skill level 8 in Invocations
  6793 | D:7      | Found a staircase to the Ecumenical Temple.
  7069 | D:7      | Reached **** piety under Makhleb
  7259 | D:7      | Found a radiant altar of Vehumet.
  7497 | D:7      | Found a snail-covered altar of Cheibriados.
  7693 | D:8      | Gained mutation: You are mostly covered in sharp spines.
                  | [demonic ancestry]
  7693 | D:8      | Reached XP level 10. HP: 79/79 MP: 16/16
  7717 | D:8      | Found a sand-covered staircase.
  7731 | Ossuary  | Entered an ossuary
  7755 | Ossuary  | Reached skill level 9 in Invocations
  7990 | D:8      | Found a broken altar of Ashenzari.
  8465 | D:9      | Noticed a death yak
  8467 | D:9      | Noticed a death yak
  8468 | D:9      | Found a staircase to the Lair.
  8468 | D:9      | Noticed a death yak
  8484 | D:9      | Killed a death yak
  8518 | D:8      | Killed a death yak
  8756 | D:9      | Reached skill level 10 in Invocations
  8763 | D:8      | Killed a death yak
  9239 | D:9      | Found the +6 arbalest "Damnation" {damnation}
  9239 | D:9      | Noticed an ice statue
  9376 | D:9      | Reached ***** piety under Makhleb
  9470 | D:10     | Entered Level 10 of the Dungeon
  9545 | D:10     | Reached XP level 11. HP: 74/87 MP: 18/18
  9655 | D:10     | Found Goduasos's Magic Scroll Emporium.
  9671 | D:10     | Bought a scroll of teleportation for 36 gold pieces
  9671 | D:10     | Bought a scroll of fog for 24 gold pieces
  9671 | D:10     | Bought a scroll of summoning for 114 gold pieces
  9671 | D:10     | Bought a scroll of brand weapon for 240 gold pieces
  9671 | D:10     | Bought a scroll of noise for 12 gold pieces
  9671 | D:10     | Bought a scroll of silence for 90 gold pieces
  9671 | D:10     | Bought a scroll of identify for 24 gold pieces
  9937 | D:10     | Noticed Sonja
  9944 | D:10     | Killed Sonja
 10066 | D:10     | Noticed a two-headed ogre
 10072 | D:10     | Killed a two-headed ogre
 10072 | D:10     | Reached skill level 11 in Invocations
 11790 | D:12     | Found a staircase to the Orcish Mines.
 11895 | D:12     | Reached skill level 12 in Invocations
 11896 | D:12     | Reached skill level 10 in Fighting
 11960 | D:12     | Noticed a two-headed ogre
 11968 | D:12     | Killed a two-headed ogre
 12197 | D:12     | Gained mutation: You have a pair of large antennae on your
                  | head. (SInv) [demonic ancestry]
 12197 | D:12     | Reached XP level 12. HP: 97/97 MP: 21/21
 12339 | Orc:1    | Entered Level 1 of the Orcish Mines
 12396 | Orc:1    | Reached ****** piety under Makhleb
 12459 | Orc:2    | Entered Level 2 of the Orcish Mines
 12510 | Orc:2    | Slain by an orc warrior

Illustrated notes

Levels and vault maps discovered:
D:1:      dpeg_arrival_windows_large_door, layout_basic
D:2:      layout_rooms, nicolae_gozag_cash_rules_everything_around_me,
          gammafunk_temple_overflow_statue, chequers_avenue,
          minmay_misc_feat_more_columns, serial_park_tiny_2, uniq_robin
D:3:      layout_loops_ring, marbit_many_paths,
          nicolae_dithmenos_through_a_glass_darkly,
          chequers_temple_overflow_statue_of_worship, cheibrodos_gnoll_hut,
          uniq_grinder
D:4:      layout_loops_cross, minmay_cupped, uniq_edmund
D:5:      layout_cave_pools, old_standard_altar, sigmund_army
D:6:      layout_basic, kiku_gazebo_garden_becter, kennysheep_little_box,
          serial_undead, serial_undead_b, serial_undead_e, serial_undead_d,
          serial_undead_f, serial_undead_a, serial_undead_f,
          nicolae_elemental_shop
D:7:      layout_loops_ring, fiery_altar_vehumet, cheibriados_altar_1,
          temple_fountains
D:8:      layout_rooms, nicolae_overflow_crystal_walls,
          nicolae_ossuary_entry_giza
D:9:      minmay_statue_hallways, layout_rooms, dpeg_lair_monsters
D:10:     layout_basic, serial_shops, shop, minmay_door_square,
          kennysheep_kite_vault, uniq_sonja
D:11:     layout_loops_corners, kennysheep_generic_room_5
D:12:     layout_grid_maze
Orc:1:    layout_diamond_mine, nicolae_volcano_entry_s_turn, uniq_harold
Orc:2:    pubby_orc_utopia, uniq_azrael

Skill      XL: |  1  2  3  4  5  6  7  8  9 10 11 |
---------------+----------------------------------+-----
Long Blades    | 3 4 5 6 7 8 9 |  9.7
Dodging        | 3 |  3.0
Armour         | 1 2 3 5 6 7 9 |  9.1
Fighting       | 3 4 5 6 7 8 10 | 10.3
Invocations    | 2 3 5 7 8 10 12 | 12.4
Throwing       | |  1.7

Action                   |  1- 3 |  4- 6 |  7- 9 | 10-12 || total
-------------------------+-------+-------+-------+-------++-------
Melee: Long sword        |   116 |   114 |   263 |       ||   493
       Dagger            |       |       |     8 |       ||     8
       Great sword       |       |       |    51 |   384 ||   435
Throw: Throwing net      |       |       |     4 |     1 ||     5
Invok: Major Destruction |       |       |       |     1 ||     1
Evoke: Wand              |       |       |       |     3 ||     3
  Use: Potion            |       |     1 |       |       ||     1
       Scroll            |       |       |       |    20 ||    20
 Stab: Held in net/web   |       |       |     2 |     2 ||     4
       Paralysed         |       |       |       |     3 ||     3
Armor: Leather armour    |    35 |     5 |       |       ||    40
       Ring mail         |       |    35 |    54 |    24 ||   113
       Scale mail        |       |       |       |   112 ||   112
Dodge: Dodged            |   126 |    81 |   266 |   346 ||   819
       Rpst.: Long sword |    41 |    22 |    62 |       ||   125
       Great sword       |       |       |     9 |    83 ||    92

Table legend: (Time is in decaauts)
 A = Elapsed time spent in this place.
 B = Non-inter-level travel time spent in this place.
 C = Inter-level travel time spent in this place.
 D = Time resting spent in this place.
 E = Time spent auto-exploring this place.
 F = Levels seen in this place.
 G = Mean time per level.
                   A        B        C        D        E       F      G
               +--------+--------+--------+--------+--------+-----+--------+
         Total |  12737 |  12413 |    324 |   3382 |   6483 |  15 |  849.1 |
       Dungeon |  12436 |  12113 |    323 |   3382 |   6428 |  12 | 1036.3 |
  Orcish Mines |    182 |    182 |      0 |      0 |      0 |   2 |   91.0 |
       Ossuary |    118 |    118 |      0 |      0 |     55 |   1 |  118.0 |
               +--------+--------+--------+--------+--------+-----+--------+

Top non-repeatable levels by time:
     D:3: 1850 daAuts
     D:6: 1310 daAuts
     D:2: 1218 daAuts
    D:11: 1088 daAuts
    D:12: 1054 daAuts
     D:4: 910 daAuts
     D:1: 886 daAuts
     D:9: 866 daAuts
     D:8: 847 daAuts
     D:7: 828 daAuts
     D:5: 790 daAuts
    D:10: 783 daAuts
   Orc:1: 129 daAuts
 Ossuary: 118 daAuts
   Orc:2: 53 daAuts
